 Dungeon Crawl Stone Soup version 0.31-a0-1540-g5a0b83f448 (webtiles) character file.

Game seed: 688841874822779374

132 grandjackal the Trooper (level 5, -5/55 HPs)
             Began as an Oni Warper on Jan 1, 2024.
             Slain by a phantom (7 damage)
             ... on level 4 of the Dungeon.
             The game lasted 00:03:09 (3577 turns).

grandjackal the Trooper (Oni Warper)                Turns: 3577, Time: 00:03:09

Health: -5/55      AC:  3    Str: 15    XL:     5   Next: 15%
Magic:  19/19      EV:  9    Int: 16    God:
Gold:   170        SH:  0    Dex:  8    Spells: 4/11 levels left

rFire   . . .        a - +0 mace
rCold   + . .        (no shield)
rNeg    . . .        b - +0 robe
rPois   .            (helmet restricted)
rElec   .            (no cloak)
rCorr   .            (gloves unavailable)
SInv    .            (boots unavailable)
Will    .....        (no amulet)
Stlth   +            q - ring of protection from cold
HPRegen 0.29/turn    k - ring of magical power
MPRegen 0.16/turn

%: no passive effects
@: no status effects
A: large, unfitting armour, horns 1, tough skin 1, double potion healing,
drunken brawling
a: no special abilities


You were on level 4 of the Dungeon.
You visited 1 branch of the dungeon, and saw 5 of its levels.

You collected 170 gold pieces.

Inventory:

Hand Weapons
 a - a +0 mace (weapon)
 f - a +1 dagger of draining
Missiles
 d - 7 darts of dispersal (quivered)
 i - 2 poisoned darts
Armour
 b - a +0 robe (worn)
Jewellery
 k - a ring of magical power (right hand)
 q - a ring of protection from cold (left hand)
Wands
 m - a wand of roots (2)
Scrolls
 c - 2 scrolls of blinking
 g - 2 scrolls of teleportation {unknown}
 h - 2 scrolls of revelation {unknown}
 j - a scroll of amnesia {unknown}
 l - 2 scrolls of identify {unknown}
 n - 3 scrolls of poison {unknown}
 s - a scroll of torment {unknown}
Potions
 e - a potion of curing {unknown}
 o - a potion of degeneration {unknown}
 p - a potion of enlightenment {unknown}
 r - a potion of ambrosia {unknown}


   Skills:
 + Level 4.4 Fighting
 + Level 3.2 Maces & Flails
 - Level 1.0 Throwing
 - Level 2.1 Dodging
 + Level 3.7 Spellcasting
 - Level 3.0 Translocations


You had 4 spell levels left.
You knew the following spells:

 Your Spells              Type           Power      Damage    Failure   Level
a - Blink                 Tloc           24%        N/A       8%          2
b - Lesser Beckoning      Tloc           24%        N/A       8%          2
c - Teleport Other        Tloc           12%        N/A       16%         3

Your spell library contained the following spells:

 Spells                   Type           Power      Damage    Failure   Level
 Manifold Assault         Tloc           12%        N/A       45%         4
 Vhi's Electric Charge    Tloc/Air       14%        N/A       67%         4
 Ignite Poison            Fire/Alch      2%         N/A       86%         4
 Sticky Flame             Fire/Alch      2%         2d4       86%         4
 Ignition                 Fire           1%         3d3       100%        8


Dungeon Overview and Level Annotations

Branches:
Dungeon (5/15)
 Temple: D:4-7

Altars:
Yredelemnul


Innate Abilities, Weirdness & Mutations

You are too large for most types of armour.
You have a pair of small horns on your head.
You have tough skin. (AC +1)
You gain doubled healing and magic from potions.
Whenever you drink a healing potion, you attack all around you.


Message History

The phantom is lightly damaged.
The phantom hits you but does no damage.
You hit the phantom. You headbutt the phantom!
The phantom is heavily damaged.
A sky beast appears from thin air!
Reactivating autopickup.
The phantom hits you but does no damage.
The sky beast flickers out of sight!
Deactivating autopickup; reactivate with Ctrl-A.
Something hits you. Something shocks you.
You hit something.
Something hits you but does no damage. x2
You closely miss the phantom. Your headbutt misses the phantom.
The phantom is heavily damaged.
The phantom hits you.
* * * LOW HITPOINT WARNING * * *
The phantom blinks!
You blink.
The phantom attacks as it pursues you! The phantom hits you.
* * * LOW HITPOINT WARNING * * *
The phantom blinks!
You blink.
The phantom hits you.
* * * LOW HITPOINT WARNING * * *
The phantom attacks as it pursues you! The phantom completely misses you.
The phantom attacks as it pursues you! The phantom hits you.
* * * LOW HITPOINT WARNING * * *
The phantom hits you.
* * * LOW HITPOINT WARNING * * *
The phantom blinks!
You blink.
You sock the phantom!
You punch the phantom, but do no damage.
The phantom is severely damaged.
The phantom hits you but does no damage.
You barely miss the phantom.
The phantom is severely damaged.
The phantom barely misses you.
You barely miss the phantom. Your headbutt misses the phantom.
The phantom is heavily damaged.
The orc seems less drained.
The phantom hits you.
* * * LOW HITPOINT WARNING * * *
The phantom blinks!
You blink.
The phantom hits you!
You die...

# #..#........###
#....## ##
#.....[......#
##.....##
.###.........#..#
#..###..##
.....#......###.## #.##
##...
..#####...#####..# ##.#
###[ .## ##......#..##
#..# ## .#
#.......§[>#####.## #.
## ##.####.§.W.......##
##. # #..#
####@....o...### #.. #
##.##
##.........{..####.. ##
#..#
##...##...####....o..
.#####^.#####...###..##
###.....
..........##..### #..#
#..### ###..###.....##
#..# #..# # #..#
####..# #.## ####
##..## #..# ### #....#
##.#


You could see a phantom and an orc.

Vanquished Creatures
  3 gnolls
  4 adders
  8 orcs
  6 endoplasms
  2 giant cockroaches
  4 goblins
  A hobgoblin (D:4)
  6 kobolds
  2 quokkas
  10 ball pythons
  5 bats
  4 frilled lizards
  7 rats
62 creatures vanquished.

Notes
Turn   | Place    | Note
-------+----------+-------------------------------------------
     0 | D:1      | grandjackal the Oni Warper began the quest for the Orb.
     0 | D:1      | Reached XP level 1. HP: 22/22 MP: 3/3
   232 | D:1      | Reached XP level 2. HP: 29/29 MP: 5/5
   235 | D:1      | Reached skill level 3 in Fighting
   238 | D:1      | Learned a level 2 spell: Blink
   295 | D:1      | Noticed a glass eye
   297 | D:1      | Found a faded altar of an unknown god.
   299 | D:1      | Noticed a golden eye
   299 | D:1      | Noticed a golden eye
   299 | D:1      | Noticed an eye of devastation
   895 | D:2      | Reached XP level 3. HP: 37/37 MP: 7/7
  1156 | D:2      | Learned a level 2 spell: Lesser Beckoning
  1586 | D:4      | Reached XP level 4. HP: 44/48 MP: 8/8
  1755 | D:3      | Reached skill level 4 in Fighting
  2286 | D:3      | Found a basalt altar of Yredelemnul.
  2505 | D:4      | Learned a level 3 spell: Teleport Other
  2773 | D:4      | Reached XP level 5. HP: 54/54 MP: 10/10
  3483 | D:5      | Entered Level 5 of the Dungeon
  3483 | D:5      | Noticed a phantom
  3549 | D:5      | Noticed a sky beast
  3577 | D:4      | HP: 2/55 [phantom (5)]
  3577 | D:4      | Slain by a phantom

Illustrated notes

Levels and vault maps discovered:
D:1:      dpeg_arrival_refuge, layout_loops_ring,
          hellmonk_ecumenical_altar_watching_god, kennysheep_minor_cross,
          minmay_misc_feat_four_crosses
D:2:      layout_basic
D:3:      layout_basic, lemuel_doored_altar, serial_forest,
          infiniplex_forest_clump_small, infiniplex_forest_lined_3,
          infiniplex_forest_clump_curved, infiniplex_forest_corner_2,
          infiniplex_forest_clump_small, infiniplex_forest_end_1
D:4:      layout_layer_cave, nrook_mini_backslash, ebering_dispersal_statue_hall
D:5:      layout_rooms, minmay_temple_entry_butterflies

Skill      XL: |  1  2  3  4 |
---------------+-------------+-----
Fighting       | 3 4 |  4.4
Translocations | 3 |  3.0
Spellcasting   | 3 |  3.7
Maces & Flails | 3 |  3.2
Throwing       | |  1.0
Dodging        | |  2.1

Action                     |  1- 3 |  4- 6 || total
---------------------------+-------+-------++-------
  Melee: Mace              |    44 |     8 ||    52
         Headbutt          |    13 |    10 ||    23
         Dagger            |    76 |    86 ||   162
         Punch             |     1 |     3 ||     4
   Stab: Sleeping          |     1 |       ||     1
 Armour: Robe              |    81 |    80 ||   161
  Dodge: Dodged            |    46 |    36 ||    82

Table legend: (Time is in decaauts)
 A = Elapsed time spent in this place.
 B = Non-inter-level travel time spent in this place.
 C = Inter-level travel time spent in this place.
 D = Time resting spent in this place.
 E = Time spent auto-exploring this place.
 F = Levels seen in this place.
 G = Mean time per level.
                   A        B        C        D        E       F      G
               +--------+--------+--------+--------+--------+-----+--------+
         Total |   3592 |   3531 |     61 |    308 |   2671 |   5 |  718.4 |
       Dungeon |   3592 |   3531 |     61 |    308 |   2671 |   5 |  718.4 |
               +--------+--------+--------+--------+--------+-----+--------+

Top non-repeatable levels by time:
     D:4: 1236 daAuts
     D:3: 994 daAuts
     D:1: 770 daAuts
     D:2: 583 daAuts
     D:5: 6 daAuts
